 Dungeon Crawl Stone Soup version 0.27-a0-1140-g099f9bb0e8 (webtiles) character file.

Game seed: 4387735886867881602

59 mnemonchovi the Chopper (level 4, -3/40 HPs)
             Began as a Hill Orc Monk on May 9, 2021.
             Slain by a gnoll
             ... wielding a +0 halberd
              (5 damage)
             ... on level 2 of the Dungeon.
             The game lasted 00:06:41 (1835 turns).

mnemonchovi the Chopper (Hill Orc Monk)             Turns: 1835, Time: 00:06:42

Health: -3/40      AC:  5    Str: 14    XL:     4   Next: 3%
Magic:  4/4        EV: 12    Int: 10    God:
Gold:   59         SH:  0    Dex: 13    Spells: 3/3 levels left

rFire    . . .     SeeInvis .   a - +0 hand axe
rCold    . . .     Faith    .   (no shield)
rNeg     . . .     Spirit   .   c - +0 leather armour
rPois    .         Reflect  .   (no helmet)
rElec    .         Harm     .   (no cloak)
rCorr    .         Rampage  .   e - +1 pair of gloves
Will     .....                  (no boots)
Stlth    ++........             (no amulet)
HPRegen  0.13/turn              (no ring)
MPRegen  0.09/turn              (no ring)

@: no status effects
A: no striking features
a: no special abilities


You were on level 2 of the Dungeon.
You visited 1 branch of the dungeon, and saw 2 of its levels.

You collected 59 gold pieces.

Inventory:

Hand Weapons
 a - a +0 hand axe (weapon)
Missiles
 d - 15 stones (quivered)
Armour
 b - a +0 robe
 c - a +0 leather armour (worn)
 e - a +1 pair of gloves (worn)
Scrolls
 f - 2 scrolls of vulnerability {unknown}
 g - 2 scrolls of identify {unknown}
 h - a scroll of fear {unknown}


   Skills:
 + Level 4.1 Fighting
 * Level 5.1 Axes
 + Level 1.4 Armour
 + Level 2.8 Dodging
 - Level 1.5 Stealth


You had 3 spell levels left.
You didn't know any spells.
Your spell library contained the following spells:

 Spells                   Type           Power      Damage    Failure   Level
 Beastly Appendage        Tmut           0%         N/A       43%         1
 Wereblood                Tmut           0%         N/A       56%         2
 Spider Form              Tmut/Pois      0%         N/A       80%         3
 Ice Form                 Ice/Tmut       0%         N/A       99%         4
 Hydra Form               Tmut           0%         N/A       100%        5


Dungeon Overview and Level Annotations

Branches:
Dungeon (2/15)

Altars:


Message History

The ball python bites you but does no damage.
The ball python misses you. The gnoll closely misses you.
The ball python bites you. The ball python barely misses you.
You closely miss the ball python. The ball python bites you.
The ball python grabs you. The ball python constricts you.
A gnoll comes into view. It is wielding a +0 halberd.
The gnoll hits you from afar with a +0 spear.
The gnoll shouts!
You slash the ball python!
You kill the ball python!
A gnoll comes into view. It is wielding a +0 halberd.
The gnoll hits you from afar with a +0 spear.
You see here a ball python corpse.
You slash the gnoll!
The gnoll is heavily wounded.
The gnoll barely misses you. The gnoll hits you with a +0 halberd!
You barely miss the gnoll.
The gnoll is heavily wounded.
The gnoll hits you from afar with a +0 spear!
The gnoll barely misses you.
You hit the gnoll.
The gnoll is severely wounded.
The gnoll hits you from afar with a +0 halberd!
* * * LOW HITPOINT WARNING * * *
The gnoll closely misses you.
The gnoll hits you from afar with a +0 halberd!
* * * LOW HITPOINT WARNING * * *
The gnoll barely misses you.
The gnoll throws a throwing net.
The throwing net hits you.
You become entangled in the net!
You see here a throwing net.
You struggle against the net.
The gnoll hits you from afar with a +0 halberd.
* * * LOW HITPOINT WARNING * * *
Unknown command.
Unknown command.
You tear a large gash into the net.
The gnoll barely misses you.
You rip the net and break free!
The gnoll hits you from afar with a +0 halberd.
You die...

#.........#.##.≈≈.##.#.
.........##.##.≈≈.###.#
#†.##†##.≈≈.# ##.
#..##.8#.≈≈.# ## #
#..##..#.≈≈.# ##.
##.#####g..#.##†≈≈.#
#.#
.......gg###.##.≈≈.#
#.# .....##..#
#.##.≈≈.###.#
...>...@.#
#.8#.≈≈.##.#.
..##.##.##
#..#.≈≈.#.### #.##.#
#'##.≈≈.#.### ###.##.#
#..'.≈≈.##.## #......#
#..#.≈≈.###.# #.#.####
#..#.≈≈.# #)# # #.#####
#..#.≈≈.# ##. #.....#
#..#.≈≈.##### #####[#
#..#.≈≈.#8###


You could see 3 gnolls.

Vanquished Creatures
  2 adders (D:2)
  2 dart slugs (D:2)
  4 endoplasms
  2 giant cockroaches
  6 goblins
  2 hobgoblins (D:2)
  2 jackals (D:2)
  3 quokkas
  5 ball pythons
  2 bats (D:2)
  4 rats (D:2)
34 creatures vanquished.

Notes
Turn   | Place    | Note
-------+----------+-------------------------------------------
     0 | D:1      | mnemonchovi the Hill Orc Monk began the quest for the Orb.
     0 | D:1      | Reached XP level 1. HP: 19/19 MP: 1/1
   581 | D:1      | Reached XP level 2. HP: 26/27 MP: 2/2
   828 | D:2      | Reached skill level 1 in Armour
   828 | D:2      | Reached XP level 3. HP: 15/33 MP: 3/3
  1561 | D:2      | Reached skill level 5 in Axes
  1766 | D:2      | Reached XP level 4. HP: 40/40 MP: 4/4
  1826 | D:2      | HP: 2/40 [gnoll/+0 halberd (9)]
  1833 | D:2      | HP: 2/40 [gnoll/+0 halberd (1)]
  1835 | D:2      | Slain by a gnoll

Illustrated notes

Levels and vault maps discovered:
D:1:      elethiomel_arrival_infinity_welcomes_careful_drivers, layout_rooms,
          amcnicky_mini_rare_corridor_liquid, kennysheep_flooded_box
D:2:      wad_river_or_something, layout_loops_ring

Skill      XL: |  1  2  3 |
---------------+----------+-----
Armour         | 1 |  1.4
Fighting       | 4 |  4.1
Axes           | 5 |  5.1
Dodging        | |  2.8
Stealth        | |  1.5

Action                   |  1- 3 |  4- 6 || total
-------------------------+-------+-------++-------
Melee: Hand axe          |    86 |    12 ||    98
 Stab: Sleeping          |     4 |       ||     4
Armor: Leather armour    |    36 |     5 ||    41
       Robe              |     1 |       ||     1
Dodge: Dodged            |    48 |    10 ||    58

Table legend: (Time is in decaauts)
 A = Elapsed time spent in this place.
 B = Non-inter-level travel time spent in this place.
 C = Inter-level travel time spent in this place.
 D = Time resting spent in this place.
 E = Time spent auto-exploring this place.
 F = Levels seen in this place.
 G = Mean time per level.
                   A        B        C        D        E       F      G
               +--------+--------+--------+--------+--------+-----+--------+
         Total |   1842 |   1815 |     27 |    177 |   1266 |   2 |  921.0 |
       Dungeon |   1842 |   1815 |     27 |    177 |   1266 |   2 |  921.0 |
               +--------+--------+--------+--------+--------+-----+--------+

Top non-repeatable levels by time:
     D:2: 1077 daAuts
     D:1: 765 daAuts
